 Dungeon Crawl Stone Soup version 0.18.1-48-g4cf74bf (webtiles) character file.

133 poirepourri the Digger (level 5, -1/28 HPs)
             Began as a Gargoyle Earth Elementalist on July 9, 2016.
             Killed by nerve-wracking pain
             ... invoked by an orc priest
              (2 damage)
             ... on level 3 of the Dungeon.
             The game lasted 00:07:19 (3266 turns).

poirepourri the Digger (GrEE)                       Turns: 3266, Time: 00:07:20

Health: -1/28      AC:  9    Str: 12    XL:     5   Next: 16%
Magic:  0/11       EV: 12    Int: 16    God:
Gold:   134        SH:  0    Dex: 10    Spells: 3 memorised, 6 levels left

rFire  . . .     SeeInvis .     (no weapon)
rCold  . . .     Gourm    .     e - +1 robe
rNeg   + . .     Faith    .     (no shield)
rPois  ∞         Spirit   .     (no helmet)
rElec  +         Dismiss  .     k - +1 cloak
rCorr  .         Reflect  .     (no gloves)
SustAt .         Harm     .     (no boots)
MR     .....                    (no amulet)
Stlth  ++........               (no ring)
                                (no ring)

@: very slightly contaminated, hasted (expiring), very quick, not resistant to
hostile enchantments, unstealthy
A: negative energy resistance 1, electricity resistance, unbreathing,
petrification resistance, rot immunity, AC +4
a: no special abilities


You were on level 3 of the Dungeon.
You were not hungry.

You visited 1 branch of the dungeon, and saw 3 of its levels.

You collected 134 gold pieces.

Inventory:

Missiles
 a - 149 stones (quivered)
Armour
 e - a +1 robe (worn)
 k - a +1 cloak (worn)
Scrolls
 f - 2 scrolls of identify
 m - 3 scrolls of remove curse
Potions
 h - a potion of flight
 l - a potion of mutation
Books
 c - a book of Geomancy

   Spells                             Type                      Level
   a - Sandblast                      Earth                        1
   b - Passwall                       Transmutation/Earth          2
   c - Stone Arrow                    Conjuration/Earth            3
   d - Petrify                        Transmutation/Earth          4
   e - Lee's Rapid Deconstruction     Earth                        5
Comestibles
 b - a slice of pizza
 i - 2 bread rations
 j - 4 fruits


   Skills:
 - Level 1.5 Dodging
 - Level 2.1 Stealth
 * Level 4.0 Spellcasting
 + Level 0.7 Transmutations
 + Level 5.0 Earth Magic


You had 6 spell levels left.
You knew the following spells:

 Your Spells              Type           Power        Failure   Level  Hunger
a - Sandblast             Erth           ###...       1%          1    None
b - Passwall              Trmt/Erth      ##........   10%         2    ##.....
c - Stone Arrow           Conj/Erth      ##....       17%         3    ###....


Dungeon Overview and Level Annotations

Branches:
Dungeon (3/15)

Altars:
Cheibriados


Innate Abilities, Weirdness & Mutations

You are resistant to torment.
Your stone body is resilient (AC +4).
You are immune to poison.
You resist negative energy.
You are resistant to electric shocks.
You can survive without breathing.
You are immune to petrification.
You are immune to rotting.


Message History

The orc priest hits you but does no damage.
You barely miss the orc priest.
The orc priest is heavily wounded.
Your extra speed is starting to run out.
You closely miss the orc priest.
The orc priest is heavily wounded.
The orc priest mumbles some strange prayers to Beogh against you.
Beogh smites you!
* * * LOW HITPOINT WARNING * * *
You hit the orc priest.
The orc priest is heavily wounded.
You float gracefully downwards.
You hit the orc priest but do no damage.
The orc priest is heavily wounded.
The orc priest closely misses you.
You hit the orc priest.
The orc priest is severely wounded.
The orc priest calls down the wrath of Beogh upon you.
Pain shoots through your body!
You die...

.....#.....#.........#...#
.....#.....#.............# ...
.........................#
...#####.........#...........#
.......#....#....#...........#
.......'....#....#............
.......#....#...........##....
.......#....###.##.###..##....
.......##...o@.....# #..##...#
.......[.<.######.#.......####
.......##### #.#. ####.
....... .# ......o ##+###. ..
#. #.


You could see an orc priest.

Vanquished Creatures
  An orc wizard (D:3)
  3 adders
  2 worms
  2 dart slugs (D:1)
  3 giant geckos (D:1)
  2 orcs (D:3)
  3 bats
  4 giant cockroaches
  5 goblins
  10 hobgoblins
  3 jackals (D:1)
  8 kobolds
  A ball python (D:2)
  6 giant newts
  8 rats
61 creatures vanquished.

Notes
Turn   | Place    | Note
--------------------------------------------------------------
     0 | D:1      | poirepourri the Gargoyle Earth Elementalist began the quest for the Orb.
     0 | D:1      | Reached XP level 1. HP: 10/10 MP: 3/3
   348 | D:1      | Reached XP level 2. HP: 15/15 MP: 1/5
   536 | D:1      | Reached skill level 4 in Earth Magic
   970 | D:1      | Reached XP level 3. HP: 14/19 MP: 1/7
  1930 | D:2      | Learned a level 2 spell: Passwall
  1934 | D:2      | Learned a level 3 spell: Stone Arrow
  2203 | D:2      | Found a snail-covered altar of Cheibriados.
  2418 | D:2      | Reached XP level 4. HP: 24/24 MP: 3/8
  3243 | D:3      | Reached skill level 5 in Earth Magic
  3243 | D:3      | Reached XP level 5. HP: 13/28 MP: 2/11
  3263 | D:3      | HP: 1/28 [orc priest/divine providence (8)]
  3266 | D:3      | Killed from afar by an orc priest

Skill      XL: |  1  2  3  4 |
---------------+-------------+-----
Earth Magic    | 4 5 |  5.0
Spellcasting   | 3 4 |  4.0
Dodging        | |  1.5
Stealth        | |  2.1
Transmutations | |  0.7

Action                   |  1- 3 |  4- 6 || total
-------------------------+-------+-------++-------
Melee: Unarmed           |    16 |    16 ||    32
       Staff             |     1 |     1 ||     2
 Cast: Sandblast         |    94 |    48 ||   142
  Use: Scroll            |     4 |     7 ||    11
       Potion            |     1 |     3 ||     4
  Eat: Bread ration      |     1 |       ||     1
       Meat ration       |       |     1 ||     1
       Pizza             |       |     1 ||     1
Armor: Skin              |    19 |       ||    19
       Robe              |    37 |    15 ||    52
Dodge: Dodged            |    85 |    24 ||   109
